 Dungeon Crawl Stone Soup version 0.23.0 (webtiles) character file.

Game seed: 17425991151480478517

2866 bananamassacre the Basher (level 9, 0/120 HPs)
             Began as a Minotaur Berserker on Feb 7, 2019.
             Was a Priest of Trog.
             Slain by an orc warrior
             ... wielding a +0 trident
              (9 damage)
             ... on level 9 of the Dungeon on Feb 11, 2019.
             The game lasted 00:26:58 (3313 turns).

bananamassacre the Basher (Minotaur Berserker)      Turns: 3313, Time: 00:26:59

Health: 0/120      AC: 14    Str: 29    XL:     9   Next: 47%
Magic:  8/8        EV: 10    Int:  4    God:    Trog [***...]
Gold:   259        SH:  0    Dex: 11    Spells: 8/8 levels left

rFire    . . .     SeeInvis .   D - +0 dire flail
rCold    . . .     Gourm    .   (shield currently unavailable)
rNeg     . . .     Faith    .   I - +0 plate armour
rPois    .         Spirit   .   (helmet restricted)
rElec    .         Reflect  .   (no cloak)
rCorr    .         Harm     +   (no gloves)
MR       .....                  s - +0 pair of boots
Stlth    ..........             l - amulet of harm
HPRegen  0.30/turn              (no ring)
MPRegen  0.11/turn              (no ring)

@: berserking, very quick
A: retaliatory headbutt, horns 2
a: Berserk, Trog's Hand, Renounce Religion


You were on level 9 of the Dungeon.
You worshipped Trog.
Trog was most pleased with you.
You were not hungry.

You visited 3 branches of the dungeon, and saw 10 of its levels.

You collected 371 gold pieces.
You spent 112 gold pieces at shops.

Inventory:

Hand Weapons
 a - a +0 mace
 e - a +0 flail
 g - a +0 whip
 h - a +0 short sword
 j - a +0 whip
 v - a +0 whip
 A - the +5 hand axe of Vaobb {chop, +Blink +Inv rF+ Stlth+}
   (You found it on level 6 of the Dungeon)

   It inflicts extra damage upon your enemies.
   It protects you from fire.
   It lets you turn invisible.
   It lets you blink.
   It makes you more stealthy.
 D - a +0 dire flail (weapon)
 F - a +0 whip
Missiles
 d - 30 poisoned needles
 z - 79 stones (quivered)
Armour
 b - a +0 animal skin
 f - a +0 leather armour
 r - a +1 ring mail
 s - a +0 pair of boots (worn)
 y - a +0 scale mail
 B - a +0 scale mail
 I - a +0 plate armour (worn)
Jewellery
 k - an uncursed amulet of regeneration
 l - an amulet of harm (around neck)
Wands
 C - a wand of flame (8)
 E - a wand of digging (4)
 J - a wand of clouds (7)
Scrolls
 i - a scroll of random uselessness {unknown}
 m - a scroll of fog {unknown}
 o - 2 scrolls of identify {unknown}
 q - a scroll of teleportation {unknown}
 w - a scroll of enchant armour
 G - 2 scrolls of remove curse {unknown}
 H - a scroll of enchant weapon {unknown}
Potions
 n - 2 potions of curing
 p - 2 potions of heal wounds
 t - a potion of might {unknown}
 u - 2 potions of magic {unknown}
 x - a potion of cancellation {unknown}
Comestibles
 c - 5 rations


   Skills:
 + Level 7.6 Fighting
 + Level 10.9 Maces & Flails
 + Level 7.4 Armour
 + Level 5.6 Dodging
 + Level 2.1 Stealth


You had 8 spell levels left.
You didn't know any spells.
Your spell library was empty.

Dungeon Overview and Level Annotations

Branches:
Dungeon (9/15)             Temple (1/1) D:7            Lair (1/6) D:9
    Orc: D:9-12

Altars:
Ashenzari
Cheibriados
Dithmenos
Gozag
Hepliaklqana
Kikubaaqudgha
Okawaru
Qazlal
Sif Muna
Trog
Uskayaw
Wu Jian
Zin
The Shining One

Shops:
D:7 ![

Annotations:
D:7 1 runed translucent door, P0WERM0DE's ghost, novice DDFi


Innate Abilities, Weirdness & Mutations

You reflexively headbutt those who attack you in melee.
You have a pair of horns on your head.


Message History

An orc wizard comes into view. It is wielding a +0 dagger.
An orc comes into view. It is wielding a +0 club.
The orc warrior hits you but does no damage.
You closely miss the orc warrior.
The orc warrior is almost dead.
The orc wizard casts a spell.
The orc wizard blinks!
The orc warrior hits you with a +0 trident!
* * * LOW HITPOINT WARNING * * *
Things that are here:
a cursed -1 leather armour; an orc corpse The orc warrior barely misses you.
The orc wizard gestures wildly while chanting.
The orc wizard blinks!
Things that are here:
a +0 leather armour; an orc corpse A red film seems to cover your vision as you go berserk!
You feel yourself moving faster!
You feel mighty!
You feel a lot more hungry.
The orc warrior hits you from afar with a +0 trident!
You die...

##############
.............#
...o...o.....#
.......o[@...#
§..§.........#
#########....#
##_# #....#
#8... #....#
#... #....#
##### 8...
#....# #...#
#....# #...#
#....# #...###


You could see 2 orc warriors and an orc.

Vanquished Creatures
  A centaur skeleton (D:6)
  6 yaks (D:9)
  A steam dragon (D:8)
  A water moccasin (Lair:1)
  An ice beast (D:8)
  3 black bears
  2 ogres (D:6)
  A crocodile (Lair:1)
  Blork the orc (D:6)
  A big kobold (D:9)
  A bullfrog (D:6)
  3 killer bees (D:9)
  A crimson imp (D:6)
  A quasit (D:7)
  A hound (D:2)
  3 orc priests
  2 bullfrog skeletons
  3 orc wizards
  A gnoll shaman (D:7)
  An iguana (D:9)
  2 worker ants
  A worker ant zombie (D:6)
  5 gnolls (D:7)
  3 adders
  An adder zombie (D:9)
  An adder skeleton (D:9)
  2 dart slugs
  2 leopard geckos
  9 orcs
  4 giant cockroaches
  2 goblins
  A hobgoblin (D:1)
  3 jackals (D:9)
  9 kobolds
  A quokka (D:6)
  2 bats
  2 frilled lizards (D:2)
  5 rats
90 creatures vanquished.

Notes
Turn   | Place    | Note
-------+----------+-------------------------------------------
     0 | D:1      | bananamassacre the Minotaur Berserker began the quest for
                  | the Orb.
     0 | D:1      | Reached XP level 1. HP: 19/19 MP: 0/0
   222 | D:1      | Reached XP level 2. HP: 20/27 MP: 1/1
   228 | D:1      | Reached skill level 4 in Maces & Flails
   325 | D:2      | Reached XP level 3. HP: 29/34 MP: 2/2
   326 | D:2      | Upgraded the game from 0.23-b1-75-g379dba2534 to
                  | 0.23-b1-86-gba62f8e092
   440 | D:2      | Reached ** piety under Trog
   516 | D:4      | Reached XP level 4. HP: 37/41 MP: 3/3
   534 | D:4      | Found a deep blue altar of Sif Muna.
   620 | D:4      | Found a stormy altar of Qazlal.
   629 | D:4      | You fall through a shaft for 3 floors!
   629 | D:7      | Found a staircase to the Ecumenical Temple.
   637 | Temple   | Entered the Ecumenical Temple
   671 | Temple   | Upgraded the game from 0.23-b1-86-gba62f8e092 to 0.23.0
   780 | D:7      | Found a runed translucent door.
   780 | D:7      | Noticed P0WERM0DE's ghost (novice DDFi)
   875 | D:7      | Found Quujoen's Armour Emporium.
   880 | D:7      | Found Poboint's Distillery.
   899 | D:7      | Reached skill level 5 in Maces & Flails
   904 | D:7      | Bought a potion of heal wounds for 70 gold pieces
   904 | D:7      | Bought a potion of curing for 42 gold pieces
  1034 | D:7      | Reached XP level 5. HP: 31/47 MP: 4/4
  1609 | D:6      | Reached skill level 5 in Fighting
  1681 | D:6      | Reached skill level 6 in Maces & Flails
  1742 | D:6      | Got a translucent hand axe
  1823 | D:6      | Reached XP level 6. HP: 56/56 MP: 5/5
  1889 | D:6      | Reached skill level 7 in Maces & Flails
  1889 | D:6      | Reached XP level 7. HP: 57/61 MP: 6/6
  1951 | D:6      | Reached skill level 1 in Stealth
  1958 | D:6      | Noticed Blork the orc
  1967 | D:6      | Killed Blork the orc
  1967 | D:6      | Reached skill level 8 in Maces & Flails
  2067 | D:6      | Reached XP level 8. HP: 57/70 MP: 7/7
  2130 | D:8      | Found an iron altar of Okawaru.
  2156 | D:8      | Reached skill level 5 in Armour
  2283 | D:8      | Reached skill level 9 in Maces & Flails
  2451 | D:9      | Reached *** piety under Trog
  2546 | D:9      | Reached skill level 5 in Dodging
  2547 | D:9      | Reached skill level 10 in Maces & Flails
  2547 | D:9      | Reached XP level 9. HP: 27/79 MP: 8/8
  2845 | D:9      | Found a staircase to the Lair.
  2852 | Lair:1   | Entered Level 1 of the Lair of Beasts
  3133 | D:9      | Identified the +5 hand axe of Vaobb {chop, +Blink +Inv rF+
                  | Stlth+} (You found it on level 6 of the Dungeon)
  3295 | D:9      | Found a hide-covered altar of Uskayaw.
  3313 | D:9      | Slain by an orc warrior

Skill      XL: |  1  2  3  4  5  6  7  8  9 |
---------------+----------------------------+-----
Maces & Flails | 4 5 6 7 8 10 | 10.9
Fighting       | 4 5 6 7 |  7.6
Dodging        | 3 4 5 |  5.6
Armour         | 3 4 6 7 |  7.4
Stealth        | 1 2 |  2.1

Action                   |  1- 3 |  4- 6 |  7- 9 || total
-------------------------+-------+-------+-------++-------
Melee: Mace              |    46 |    41 |       ||    87
       Headbutt          |     3 |     9 |    33 ||    45
       Flail             |       |    17 |   104 ||   121
       Dire flail        |       |       |    29 ||    29
Invok: Berserk           |       |     3 |     5 ||     8
  Use: Scroll            |       |     1 |       ||     1
  Eat: Chunk             |       |     3 |     6 ||     9
       Ration            |       |     1 |     1 ||     2
Armor: Animal skin       |     6 |       |       ||     6
       Ring mail         |       |    29 |       ||    29
       Scale mail        |       |     6 |    38 ||    44
       Plate armour      |       |       |    30 ||    30
Dodge: Dodged            |    45 |    42 |    89 ||   176
